Map: Rifts to Korhal

Players

sTkmonk

  • Race: Terran Terran
  • Spawn Location: 7:00

monk

  • Race: Protoss Protoss
  • Spawn Location: 7:00

VOD

Have the link to the VOD?

Description

Time

  • Played on: Aug. 16, 2017, 2:18 a.m.
  • Length: 17:57
Show
View Real Time Build Order
Export as new Build Order

sTkmonk Terran 

Build Orders:  

Get SALT Encoding   

Show
View Real Time Build Order
Export as new Build Order

monk Protoss 

Build Orders:  

Get SALT Encoding   

  12  0:00  Probe (Chrono Boost)  
  13  0:12  Probe (Chrono Boost)  
  14  0:24  Probe (Chrono Boost)  
  15  1:04  Nexus  
  15  1:14  Pylon  
  15  1:15  Probe (Chrono Boost)  
  16  1:27  Probe (Chrono Boost)  
  16  1:37  Assimilator  
  16  1:39  Probe (Chrono Boost)  
  17  1:46  Assimilator  
  18  1:51  Probe (Chrono Boost)  
  19  2:04  Probe (Chrono Boost)  
  20  2:16  Probe (Chrono Boost)  
  20  2:18  Gateway  
  21  2:28  Probe (Chrono Boost)  
  22  2:40  Probe (Chrono Boost)  
  22  2:42  Probe (Chrono Boost)  
  24  2:52  Probe (Chrono Boost)  
  24  2:54  Probe (Chrono Boost)  
  26  3:04  Probe (Chrono Boost)  
  26  3:06  Probe (Chrono Boost)  
  28  3:16  Sentinel (Chrono Boost), Probe (Chrono Boost)  
  28  3:19  Solar Efficiency Level 1, Probe (Chrono Boost)  
  28  3:29  Probe  
  32  3:33  Probe  
  34  3:41  Probe  
  34  3:45  Sentinel (Chrono Boost)  
  34  3:47  Probe  
  38  4:00  Probe  
  38  4:04  Pylon, Probe (Chrono Boost)  
  40  4:14  Probe (Chrono Boost)  
  41  4:23  Probe (Chrono Boost)  
  41  4:25  Cybernetics Core  
  41  4:26  Forge  
  41  4:27  Probe (Chrono Boost)  
  43  4:32  Protoss Ground Weapons Level 1 (Chrono Boost)  
  43  4:35  Probe (Chrono Boost)  
  43  4:39  Probe (Chrono Boost)  
  44  4:44  Assimilator  
  44  4:47  Probe (Chrono Boost)  
  46  4:52  Probe (Chrono Boost)  
  46  4:53  Pylon  
  46  4:59  Probe (Chrono Boost)  
  47  5:07  Warp Gate  
  47  5:09  Protoss Ground Weapons Level 2 (Chrono Boost)  
  48  5:10  Probe (Chrono Boost)  
  48  5:16  Probe (Chrono Boost)  
  48  5:18  Twilight Council  
  50  5:22  Probe (Chrono Boost)  
  50  5:29  Assimilator  
  51  5:35  Probe (Chrono Boost)  
  52  5:43  Reconstruction (Chrono Boost), Pylon  
  52  5:45  Robotics Facility  
  53  5:53  Probe (Chrono Boost)  
  53  6:17  Immortal  
  53  6:20  Gateway  
  53  6:22  Gateway x2  
  53  6:24  Gateway  
  53  6:26  Charge (Chrono Boost)  
  53  6:27  Immortal  
  53  6:29  Gateway  
  53  6:32  Energizer  
  53  6:38  Reclamation (Chrono Boost)  
  55  6:49  Pylon  
  63  7:27  Pylon  
  63  7:30  Immortal  
  63  7:38  Sentinel  
  63  7:39  Protoss Ground Weapons Level 3  
  67  7:41  Sentinel  
  67  7:46  Sentinel  
  71  8:01  Sentinel  
  71  8:09  Rapid Recharging (Chrono Boost)  
  73  8:21  Sentinel, Observer  
  73  8:22  Sentinel  
  78  8:44  Immortal, Pylon x2  
  82  9:00  Pylon  
  82  9:03  Energizer x2  
  82  9:08  Pylon  
  82  9:09  Sentinel  
  88  9:10  Sentinel  
  88  9:15  Energizer  
  92  9:28  Energizer  
  94  9:37  Sentinel x2  
  94  9:38  Sentinel x2  
  94  9:39  Sentinel x2  
  96  9:42  Energizer, Sentinel  
  96  9:43  Sentinel  
  96  9:44  Sentinel x4  
  96  9:45  Sentinel x2  
  96  9:46  Sentinel  
  96  9:48  Sentinel  
  104  9:56  Pylon  
  104  9:57  Pylon  
  104  10:09  Sentinel  
  106  10:10  Sentinel x2  
  106  10:11  Energizer x2  
  106  10:18  Immortal (Chrono Boost)  
  112  10:21  Sentinel  
  104  10:31  Observer  
  104  10:32  Sentinel  
  100  10:41  Gateway  
  100  10:43  Gateway  
  100  10:44  Energizer  
  100  10:48  Sentinel x4  
  110  10:51  Sentinel  
  110  10:59  Energizer  
  108  11:07  Immortal (Chrono Boost)  
  106  11:12  Energizer  
  110  11:23  Sentinel  
  110  11:25  Sentinel x2  
  110  11:26  Sentinel  
  110  11:28  Sentinel  
  108  11:30  Sentinel  
  108  11:38  Energizer  
  108  11:39  Energizer  
  112  11:40  Sentinel x4, Pylon  
  112  11:49  Pylon  
  118  12:04  Sentinel  
  118  12:10  Sentinel  
  118  12:15  Energizer x2  
  118  12:16  Energizer  
  118  12:17  Sentinel x5  
  134  12:21  Sentinel  
  134  12:23  Sentinel  
  134  12:25  Pylon  
  134  12:31  Immortal (Chrono Boost)  
  134  12:35  Sentinel  
  136  12:40  Sentinel  
  136  12:41  Sentinel  
  136  12:45  Sentinel x7  
  140  12:58  Energizer  
  140  12:59  Sentinel  
  140  13:00  Sentinel  
  140  13:09  Pylon  
  142  13:10  Immortal (Chrono Boost)  
  142  13:11  Sentinel x3  
  150  13:36  Energizer x3  
  150  13:37  Sentinel  
  158  13:44  Pylon  
  158  13:49  Pylon  
  156  13:52  Pylon  
  156  13:53  Pylon  
  154  14:01  Energizer  
  154  14:02  Energizer  
  154  14:04  Sentinel x4  
  154  14:07  Sentinel  
  154  14:08  Sentinel  
  165  14:10  Sentinel  
  163  14:32  Sentinel x2  
  163  14:35  Sentinel x2  
  163  14:38  Sentinel x3  
  159  14:40  Energizer x3, Sentinel x3  
  159  14:41  Probe  
  159  14:42  Sentinel  
  159  14:44  Sentinel  
  159  14:48  Sentinel x5  
  174  14:55  Sentinel  
  174  14:59  Sentinel  
  174  15:02  Sentinel  
  174  15:04  Sentinel  
  174  15:07  Sentinel  
  172  15:11  Sentinel  
  172  15:14  Energizer, Sentinel  
  172  15:15  Energizer  
  172  15:16  Sentinel x5  
  172  15:17  Sentinel  
  188  15:21  Sentinel  
  188  15:22  Sentinel  
  188  15:23  Pylon  
  188  15:28  Sentinel x2  
  184  15:32  Sentinel  
  184  15:35  Pylon  
  184  15:37  Sentinel  
  164  15:41  Energizer x2  
  164  15:43  Sentinel  
  164  15:45  Sentinel  
  164  15:49  Sentinel x6  
  174  15:51  Pylon  
  174  15:56  Sentinel  
  174  15:57  Sentinel  
  164  16:10  Sentinel x6  
  168  16:23  Sentinel x2  
  168  16:37  Sentinel x6  
Tags
 
Commander
KaraxRaynor
Matchup
Co-op
Replay Pack
Co-op Speedrun
Add a new tag
Caveats
  • Supply blocks, unpowered buildings, or Contaminate may cause inaccurate times.
  • Supply counts are checked every 10 seconds.